 Dungeon Crawl Stone Soup version 0.30.1-11-g7821555f0a (webtiles) character file.

Game seed: 2902757608654103923

595 Scypho the Cleaver (level 7, 0/75 (85) HPs)
             Began as a Minotaur Fighter on Nov 23, 2023.
             Was a Follower of Okawaru.
             Killed from afar by a steam dragon (17 damage)
             ... with a ball of steam
             ... on level 4 of the Dungeon.
             The game lasted 00:12:41 (3386 turns).

Scypho the Cleaver (Minotaur Fighter)               Turns: 3386, Time: 00:12:42

HP:   0/75 (85)     AC: 23    Str: 21    XL:     7   Next: 17%
MP:   6/6           EV:  2    Int:  7    God:    Okawaru [*.....]
Gold: 215           SH:  4    Dex:  9    Spells: 6/6 levels left

rFire   . . .        a - +0 war axe
rCold   . . .        c - +0 buckler
rNeg    . . .        b - melded +0 scale mail
rPois   +            (helmet currently unavailable)
rElec   .            (cloak currently unavailable)
rCorr   +            (gloves currently unavailable)
SInv    .            (boots currently unavailable)
Will    .....        s - amulet of regeneration
Stlth   +            k - +5 ring of evasion
HPRegen 1.12/turn    r - ring of resist corrosion
MPRegen 0.10/turn

%: no passive effects
@: tree-form, heavily drained
A: stationary, stasis, torment immunity, boosted hp, (horns 2), (retaliatory
headbutt)
a: Renounce Religion, Heroism


You were on level 4 of the Dungeon.
You worshipped Okawaru.
Okawaru was aware of your devotion.
You were a tree.
You visited 1 branch of the dungeon, and saw 6 of its levels.

You collected 215 gold pieces.

Inventory:

Hand Weapons
 a - a +0 war axe (weapon)
Missiles
 j - 2 silver boomerangs (quivered)
Armour
 b - a +0 scale mail (melded)
 c - a +0 buckler (worn)
 f - a +2 leather armour of fire resistance
Jewellery
 k - a +5 ring of evasion (left branch)
 r - a ring of resist corrosion (right branch)
 s - an amulet of regeneration (around neck)
 v - a ring of protection from fire
Wands
 g - a wand of polymorph (3)
Scrolls
 i - a scroll of fear
 l - a scroll of brand weapon {unknown}
 m - a scroll of teleportation {unknown}
 o - a scroll of blinking {unknown}
 t - a scroll of enchant weapon {unknown}
 u - a scroll of magic mapping {unknown}
Potions
 d - a potion of might
 e - 4 potions of mutation
 n - a potion of lignification
 q - a potion of haste {unknown}
 w - a potion of resistance {unknown}


   Skills:
 - Level 3.6 Fighting
 + Level 9.6 Axes
 - Level 3.6 Armour
 - Level 3.6 Shields


You had 6 spell levels left.
You didn't know any spells.
Your spell library was empty.

Dungeon Overview and Level Annotations

Branches:
Dungeon (6/15)
 Temple: D:4-7

Altars:
Kikubaaqudgha
Okawaru

Annotations:
D:2 1 runed translucent door, Crazy Yiuf


Innate Abilities, Weirdness & Mutations

You are a tree.
Your roots penetrate the ground, keeping you stationary.
You cannot be teleported.
You are immune to unholy pain and torment.
Your maximum health is greatly increased.
Your equipment is partially melded.
((You have a pair of horns on your head.))
((You reflexively headbutt those who attack you in melee.))


Message History

* * * LOW HITPOINT WARNING * * *
Things that are here:
a +0 halberd; a gnoll corpse You closely miss the steam dragon.
Your headbutt misses the steam dragon. What are your orders? t - Shout!
Orders for allies: a - Attack new target. r - Retreat! s - Stop attacking. g - Guard the area. f - Follow me.
Anything else - Cancel.
Okay, then.
Throw: 2 boomerangs (silver)
Press: ? - help, Q - select action, (/) - cycle Shift-Dir - straight line, f - steam dragon
Aim: a steam dragon (fleeing, 54% to hit)
You throw a silver boomerang.
The silver boomerang closely misses the steam dragon.
Throw: 2 boomerangs (silver)
Press: ? - help, Q - select action, (/) - cycle Shift-Dir - straight line, f/p - steam dragon
Aim: a steam dragon (fleeing, 54% to hit)
You throw a silver boomerang.
The silver boomerang closely misses the steam dragon.
Throw: 2 boomerangs (silver)
Press: ? - help, Q - select action, (/) - cycle Shift-Dir - straight line, f/p - steam dragon
Aim: a steam dragon (fleeing, 54% to hit)
You throw a silver boomerang.
The silver boomerang hits the steam dragon but does no damage.
Your attack snaps the steam dragon out of its fear.
Really quaff the potion of lignification?
You turn into a tree.
Your +0 scale mail melds into your body.
Your roots penetrate the ground.
You barely miss the steam dragon. You block the steam dragon's attack.
The steam dragon claws you but does no damage.
You completely miss the steam dragon.
The steam dragon bites you but does no damage.
The steam dragon claws you but does no damage.
You barely miss the steam dragon. The steam dragon breathes steam at you.
The ball of steam hits you!
You die...

.S # ##.# ## #.
#..g.. .##..#.
.#... ... #.#
#########
#D######.......#
#.♣)).##.......#
#####..........#
#.##.......#
#.##.......#
#.##.......#
##.##.......#
##...#.##.####
#....<....#
#....#†######


You could see a steam dragon (catching breath).

Vanquished Creatures
  A water moccasin (D:4)
  Duvessa (D:4)
  Dowan (D:4)
  An orc priest (D:5)
  3 iguanas
  Natasha (D:4)
  An orc wizard (D:5)
  4 gnolls
  6 adders
  A worm (D:2)
  3 dart slugs
  5 orcs
  5 bats
  8 endoplasms
  4 giant cockroaches
  2 goblins
  4 hobgoblins
  3 quokkas
  5 ball pythons
  4 frilled lizards
  14 kobolds
  8 rats
85 creatures vanquished.

Notes
Turn   | Place    | Note
-------+----------+-------------------------------------------
     0 | D:1      | Scypho the Minotaur Fighter began the quest for the Orb.
     0 | D:1      | Reached XP level 1. HP: 19/19 MP: 0/0
    93 | D:1      | Reached skill level 3 in Axes
   185 | D:1      | Reached XP level 2. HP: 26/26 MP: 1/1
   591 | D:1      | Reached skill level 4 in Axes
  1002 | D:2      | Reached XP level 3. HP: 31/31 MP: 2/2
  1138 | D:2      | Reached skill level 5 in Axes
  1619 | D:2      | Reached XP level 4. HP: 39/39 MP: 3/3
  1754 | D:2      | Found a runed translucent door.
  1755 | D:2      | Noticed Crazy Yiuf
  1934 | D:3      | Found a faded altar of an unknown god.
  2452 | D:3      | Found an ancient bone altar of Kikubaaqudgha.
  2517 | D:3      | Reached skill level 6 in Axes
  2571 | D:4      | Reached XP level 5. HP: 44/45 MP: 4/4
  2602 | D:4      | You fall into a shaft and drop 2 floors!
  2616 | D:5      | Entered Level 5 of the Dungeon
  2652 | D:5      | Reached skill level 7 in Axes
  2673 | D:5      | Found an iron altar of Okawaru.
  2696 | D:5      | Became a worshipper of Warmaster Okawaru
  2703 | D:5      | Reached XP level 6. HP: 51/51 MP: 5/5
  3057 | D:4      | Noticed Duvessa
  3078 | D:4      | Killed Duvessa
  3079 | D:4      | Reached skill level 8 in Axes
  3080 | D:4      | Noticed Dowan
  3134 | D:4      | Killed Dowan
  3211 | D:4      | Noticed Natasha
  3215 | D:4      | Killed Natasha
  3235 | D:4      | Noticed a steam dragon
  3350 | D:4      | Reached skill level 9 in Axes
  3353 | D:4      | Noticed a water moccasin
  3374 | D:4      | Killed a water moccasin
  3374 | D:4      | Reached * piety under Okawaru
  3375 | D:4      | Reached XP level 7. HP: 15/50 MP: 6/6
  3377 | D:4      | HP: 1/50 [steam dragon] (2)]
  3386 | D:4      | Killed from afar by a steam dragon

Illustrated notes

Levels and vault maps discovered:
D:1:      tarquinn_simple_flora_water_d, layout_loops_corners,
          chequers_hall_statues_y
D:2:      layout_basic, minivault_14, corexii_leaking_fountain,
          uniq_crazy_yiuf_cottage
D:3:      layout_rooms, mainiacjoe_overflow_chevrons,
          nicolae_ecumenical_oubliette, dreamdust_princess_bridge,
          grunt_decor_arrowhead, amcnicky_mini_pool_small, serial_bayou_pond_b,
          minmay_mini_jars
D:4:      layout_loops_cross, uniq_duvessa, uniq_natasha
D:5:      layout_basic, mainiacjoe_overflow_brackets, nicolae_overflow_squiral,
          minmay_misc_feat_cross, chequers_serial_rivers_small_a,
          roderic_batcave, nrook_mini_vaults, guppyfry_shop_venom, uniq_grinder
D:6:      layout_basic, uniq_eustachio

Skill      XL: |  1  2  3  4  5  6 |
---------------+-------------------+-----
Axes           | 3 4 5 6 7 9 |  9.6
Fighting       | |  3.6
Armour         | |  3.6
Shields        | |  3.6

Action                     |  1- 3 |  4- 6 |  7- 9 || total
---------------------------+-------+-------+-------++-------
  Melee: War axe           |    68 |   130 |     5 ||   203
         Headbutt          |    11 |    16 |       ||    27
         Unarmed           |       |    13 |       ||    13
  Throw: Boomerang         |       |       |     3 ||     3
    Use: Scroll            |     5 |     2 |     1 ||     8
         Potion            |       |     6 |     2 ||     8
 Armour: Scale mail        |    22 |    31 |       ||    53
         Skin              |       |       |     3 ||     3
  Dodge: Dodged            |    32 |    80 |     1 ||   113
  Block: Buckler           |     8 |    19 |     1 ||    28
